 Dungeon Crawl Stone Soup version 0.29.1-12-g30fa7ad0bf (webtiles) character file.

Game seed: 9181383538389359157

64 kingsuperguy the Chopper (level 4, -3/40 HPs)
             Began as a Hill Orc Monk on Dec 14, 2022.
             Succumbed to a water moccasin's poison
             ... in a sewer.
             The game lasted 00:02:59 (2225 turns).

kingsuperguy the Chopper (Hill Orc Monk)            Turns: 2225, Time: 00:03:00

Health: -3/40      AC:  2    Str: 15    XL:     4   Next: 12%
Magic:  4/4        EV: 12    Int: 10    God:
Gold:   40         SH:  0    Dex: 13    Spells: 3/3 levels left

rFire   . . .      SeeInvis .   a - +0 hand axe
rCold   . . .      Faith    .   (no shield)
rNeg    . . .      Spirit   .   b - +0 robe
rPois   .          Reflect  .   (no helmet)
rElec   .          Harm     .   (no cloak)
rCorr   .          Rampage  .   (no gloves)
Will    .....                   (no boots)
Stlth   +.........              (no amulet)
HPRegen 0.13/turn               (no ring)
MPRegen 0.09/turn               (no ring)

@: lethally poisoned (-3 -> -40), hasted, slow
A: no striking features
a: no special abilities


You were in a sewer.
You visited 1 branch of the dungeon, and saw 3 of its levels.
You also visited: Sewer.

You collected 40 gold pieces.

Inventory:

Hand Weapons
 a - a +0 hand axe (weapon)
Armour
 b - a +0 robe (worn)
Scrolls
 c - a scroll of noise {unknown}
 f - a scroll of identify
 g - a scroll of butterflies
 j - a scroll of blinking {unknown}
 k - a scroll of teleportation {unknown}
 l - a scroll of brand weapon {unknown}
Potions
 d - 3 potions of mutation {unknown}
 e - a potion of heal wounds {unknown}
 h - 3 potions of haste
 i - a potion of cancellation {unknown}


   Skills:
 + Level 4.2 Fighting
 + Level 5.1 Axes
 + Level 2.8 Dodging
 + Level 2.0 Stealth


You had 3 spell levels left.
You didn't know any spells.
Your spell library contained the following spells:

 Spells                   Type           Power      Damage    Failure   Level
 Apportation              Tloc           0%         N/A       36%         1
 Necrotise                Necr           0%         1d4       36%         1
 Summon Small Mammal      Summ           0%         N/A       36%         1


Dungeon Overview and Level Annotations

Branches:
Dungeon (3/15)              Sewer (1/1)

Altars:
Kikubaaqudgha
Xom


Message History

Moving in this stuff is going to be slow.
You enter the shallow water.
Moving in this stuff is going to be slow.
You enter the shallow water.
Moving in this stuff is going to be slow.
You enter the shallow water.
Moving in this stuff is going to be slow.
You enter the shallow water.
Moving in this stuff is going to be slow.
A water moccasin comes into view.
Found a sedimented coppery potion and a rapier.
You enter the shallow water.
Moving in this stuff is going to be slow.
You enter the shallow water.
Moving in this stuff is going to be slow.
You enter the shallow water.
Moving in this stuff is going to be slow.
You enter the shallow water.
Moving in this stuff is going to be slow.
Found a ring mail and a scroll of identify.
Found a pair of gloves.
You enter the shallow water.
Moving in this stuff is going to be slow.
The water moccasin hisses angrily.
The water moccasin bites you. x2
You are poisoned.
The water moccasin poisons you!
Your unstable footing causes you to fumble your attack.
You feel very sick. The water moccasin bites you.
You are lethally poisoned!
The water moccasin poisons you! The water moccasin bites you.
You feel yourself speed up.
* * * LOW HITPOINT WARNING * * *
You feel very sick. The water moccasin bites you.
* * * LOW HITPOINT WARNING * * *
You are more poisoned.
The water moccasin poisons you!
You die...

######## ###
###......### #?[
###..~~~...~.###
[.##~..~~####~~...###
###~~~.~### ###.....#
#..~~~.## ##...~.
##S~@..### ###~....#
#!~##...~~####..~..###
#) ###.....~.~..### #
###......### ########


You could see a water moccasin.

Vanquished Creatures
  An adder (D:3)
  2 river rats (D:3)
  A worm (D:2)
  A ball python (D:3)
  2 bat zombies (D:3)
  An endoplasm (D:3)
  5 giant cockroaches
  A hobgoblin (D:1)
  5 jackals
  4 quokkas
  A bat (D:1)
  A frilled lizard (D:1)
  A kobold (D:1)
  5 rats
  2 rat zombies (D:3)
33 creatures vanquished.

Notes
Turn   | Place    | Note
-------+----------+-------------------------------------------
     0 | D:1      | kingsuperguy the Hill Orc Monk began the quest for the Orb.
     0 | D:1      | Reached XP level 1. HP: 19/19 MP: 1/1
   459 | D:1      | Reached XP level 2. HP: 27/27 MP: 2/2
  1192 | D:2      | Found a faded altar of an unknown god.
  1363 | D:2      | Found a shimmering altar of Xom.
  1458 | D:3      | Reached XP level 3. HP: 29/33 MP: 3/3
  1462 | D:3      | Found an ancient bone altar of Kikubaaqudgha.
  1929 | D:3      | Reached skill level 5 in Axes
  1934 | D:3      | Reached XP level 4. HP: 17/40 MP: 4/4
  1976 | D:3      | Found a glowing drain.
  1980 | Sewer    | Entered a sewer
  2197 | Sewer    | Noticed a water moccasin
  2225 | Sewer    | Succumbed to a water moccasin's poison

Illustrated notes

Levels and vault maps discovered:
D:1:      dpeg_arrival_tiny_i, layout_basic,
          nicolae_concentric_dashed_squares_wild
D:2:      layout_loops_cross, basic_ecumenical_altar, serial_shops, shop,
          basic_altar, uniq_sigmund
D:3:      layout_rooms, lemuel_zombie_altar_kikubaaqudgha,
          gup_sewer_entry_spiral, solitary_fountain
Sewer:    sewer_the_moccasin

Skill      XL: |  1  2  3 |
---------------+----------+-----
Fighting       | 4 |  4.2
Axes           | 5 |  5.1
Stealth        | 2 |  2.0
Dodging        | |  2.8

Action                   |  1- 3 |  4- 6 || total
-------------------------+-------+-------++-------
Melee: Hand axe          |   141 |    25 ||   166
       Punch             |     2 |     1 ||     3
  Use: Potion            |     1 |     2 ||     3
       Scroll            |     1 |       ||     1
 Stab: Sleeping          |     6 |       ||     6
Armor: Robe              |    27 |     4 ||    31
Dodge: Dodged            |   100 |    10 ||   110
